 Dungeon Crawl Stone Soup version 0.15-a0-717-ga3c592f (webtiles) character file.

262 Herrn the Skirmisher (level 6, -4/41 HPs)
             Began as a Gargoyle Wanderer on May 10, 2014.
             Slain by a big kobold
             ... wielding a cursed +0,-1 whip
              (5 damage)
             ... in a sewer.
             The game lasted 00:17:42 (2979 turns).

Herrn the Skirmisher (Gargoyle Wanderer)            Turns: 2979, Time: 00:17:42

HP  -4/41        AC  8     Str 16      XL: 6   Next: 18%
MP   7/7         EV 13     Int  9      God:
Gold 118         SH  0     Dex 14      Spells:  0 memorised,  5 levels left

rFire  + . .     SeeInvis .     (no weapon)
rCold  x . .     Clarity  .     c - +0 robe
rNeg   + . .     Conserve .     (no shield)
rPois  +         rCorr    .     j - +0 helmet
rElec  +         rRot     +     l - +0 cloak
SustAb . .       Spirit   .     (no gloves)
rMut   .         Warding  .     (no boots)
Gourm  .         Stasis   .     (no amulet)
MR     .....                    (no ring)
                                f - ring of fire

@: not resistant to hostile enchantments, very unstealthy
A: life protection 1, electricity resistance, unbreathing, petrification
resistance, AC +4
a: no special abilities


You were in a sewer.
You were near starving.

You visited 1 branch of the dungeon, and saw 4 of its levels.
You also visited: Sewer.

You collected 118 gold pieces.

Inventory:

Hand weapons
 a - a +2,+2 quarterstaff
 p - a cursed -2,+0 club
 r - a -2,-3 flail
 u - a +0,+2 whip of pain
Armour
 c - a +0 robe (worn)
 j - a +0 helmet (worn)
 l - a +0 cloak (worn)
Magical devices
 e - a wand of digging (6)
Comestibles
 d - 2 bread rations
 k - 2 apples
 m - a royal jelly
 o - 2 meat rations
Scrolls
 b - 2 scrolls of teleportation
 g - 4 scrolls of identify
 n - 3 scrolls of enchant weapon I
 s - a scroll of magic mapping
Jewellery
 f - a ring of fire (left hand)


   Skills:
 * Level 5.7 Fighting
 + Level 2.1 Maces & Flails
 - Level 2.1 Staves
 * Level 3.5 Dodging
   Level 1.1 Shields
 + Level 1.0 Evocations


You had 5 spell levels left.
You didn't know any spells.

Dungeon Overview and Level Annotations

Branches:
Dungeon (4/15)
 Temple: D:4-7

Altars:
Dithmenos
Kikubaaqudgha
Nemelex Xobeh
Trog
Xom

Annotations:
D:2 Sigmund Sewer Grinder


Innate Abilities, Weirdness & Mutations

You are resistant to torment.
You are immune to poison.
You are immune to rotting.
Your stone body is very resilient (AC +4).
You resist negative energy.
You are resistant to electric shocks.
You can survive without breathing.
You are immune to petrification.


Message History

* * * LOW HITPOINT WARNING * * *
You hit the big kobold but do no damage.
The big kobold is almost dead.
You hit the big kobold but do no damage.
The big kobold is almost dead.
The big kobold hits you but does no damage.
You hit the big kobold but do no damage.
The big kobold is almost dead.
The big kobold completely misses you.
You hit the big kobold but do no damage.
The big kobold is almost dead.
The big kobold hits you with a whip!
* * * LOW HITPOINT WARNING * * *
You hit the big kobold.
The big kobold is almost dead.
The big kobold closely misses you.
You hit the big kobold but do no damage.
The big kobold is almost dead.
The big kobold hits you with a whip.
You die...

≈≈≈#≈.≈# ≈≈≈≈≈#≈≈≈#
#####)##########≈##
...#...#......#..≈#
≈≈≈.≈≈≈.≈≈≈≈≈..≈≈.#
≈≈≈#≈≈≈#≈≈≈≈≈≈#≈≈.#
#####≈##########.##
#≈≈≈# #≈≈.# #≈≈≈#
#≈≈K# #≈≈≈# #≈@.#
#≈≈≈# #≈≈.# ≈≈≈
#≈..# #≈..# #≈≈.#
#≈≈.# #≈≈.######
#≈..##...##
#≈..#.....#


You could see a big kobold.

Vanquished Creatures
  A big fish (Sewer)
  A quasit (Sewer)
  An iguana (D:4)
  2 big kobold zombies (Sewer)
  A big fish zombie (Sewer)
  An adder (Sewer)
  2 shadow imps (Sewer)
  3 giant mites
  2 ufetubi (Sewer)
  3 giant geckos
  3 oozes
  4 orcs
  A hobgoblin (D:1)
  4 jackals
  21 kobolds
  6 bats
  6 giant cockroaches
  4 giant newts
  4 goblins
  3 kobold zombies (Sewer)
  4 rats
77 creatures vanquished.

Vanquished Creatures (others)
  A bat zombie (Sewer)
  2 kobold zombies (Sewer)
3 creatures vanquished.

Grand Total: 80 creatures vanquished

Notes
Turn   | Place    | Note
--------------------------------------------------------------
     0 | D:1      | Herrn, the Gargoyle Wanderer, began the quest for the Orb.
     0 | D:1      | Reached XP level 1. HP: 14/14 MP: 1/1
   219 | D:1      | Reached XP level 2. HP: 20/20 MP: 2/2
   268 | D:1      | Reached skill level 4 in Fighting
   653 | D:2      | Noticed Sigmund
   660 | D:2      | Reached XP level 3. HP: 24/24 MP: 3/3
  1038 | D:1      | You fall through a shaft!
  1078 | D:2      | Found a bloodstained altar of Trog.
  1151 | D:2      | Found a sparkling altar of Nemelex Xobeh.
  1152 | D:2      | Found an ancient bone altar of Kikubaaqudgha.
  1178 | D:2      | Found a shimmering altar of Xom.
  1180 | D:2      | Found a shimmering altar of Xom.
  1180 | D:2      | Found a shimmering altar of Xom.
  1181 | D:2      | Found a shimmering altar of Xom.
  1437 | D:2      | Found a shimmering altar of Xom.
  1438 | D:2      | Found a shimmering altar of Xom.
  1441 | D:2      | Found a shimmering altar of Xom.
  1441 | D:2      | Found a shimmering altar of Xom.
  1463 | D:2      | Found a shimmering altar of Xom.
  1497 | D:2      | You fall through a shaft for 2 floors!
  1506 | D:4      | Reached skill level 5 in Fighting
  1506 | D:4      | Reached XP level 4. HP: 29/31 MP: 4/4
  1581 | D:4      | Found a shadowy altar of Dithmenos.
  1760 | D:3      | Found a glowing drain.
  1780 | Sewer    | Entered a sewer
  1867 | Sewer    | Reached XP level 5. HP: 15/35 MP: 5/5
  2339 | Sewer    | Found a burning altar of Makhleb.
  2347 | Sewer    | Reached XP level 6. HP: 37/41 MP: 7/7
  2359 | Sewer    | Noticed Grinder
  2394 | Sewer    | Paralysed by Grinder for 6 turns
  2400 | Sewer    | HP: 2/41 [Grinder (1)]
  2771 | Sewer    | Noticed a big kobold
  2779 | Sewer    | Paralysed by Grinder for 3 turns
  2804 | Sewer    | Paralysed by Grinder for 3 turns
  2977 | Sewer    | HP: 1/41 [big kobold/whip (7)]
  2979 | Sewer    | Slain by a big kobold

Action                   |  1- 3 |  4- 6 || total
-------------------------+-------+-------++-------
Melee: Quarterstaff      |    74 |   183 ||   257
       Unarmed           |       |   149 ||   149
  Use: Potion            |     3 |     1 ||     4
       Scroll            |       |     7 ||     7
